cohdb
Replays
Latest Replays
All Replays
Popular Replays
Top Player Replays
Match Explorer
How It Works
Community
CoH3 Stats
Reddit
Sign in to upload your games and track your stats! →
Sign in with Steam
Match 39120749
Unlisted
Match 39120749
Overview
Messages
Build Orders
End
Vickers Machine Gun Team
Construct Section Command Post
Infantry Section
ML 3-inch Mortar Team
Infantry Section
Construct Platoon Command Post
Selects Indian Artillery Battlegroup
Selects Towed ML 4.2-inch Heavy Mortar
Towed ML 4.2-inch Heavy Mortar
Selects Valour
Infantry Section
Construct Company Command Post
Royal Engineer Section
Selects Gurkha Rifles Section
Crusader II Medium Tank
Crusader II Medium Tank
Manganu
The sexy Ginger
Ceruman
Spitfire
Nuclear Viking
白象火鸡面真好吃
ganxuezhao1
南风不知秋意
0
0
Comments
sign in to comment!
No comments posted yet!